 Dungeon Crawl Stone Soup version 0.30-a0-4-ga7cffc901d (webtiles) character file.

Game seed: 16599326966424208594

5565 frimble the Fighter (level 10, -5/184 HPs)
             Began as a Demonspawn Earth Elementalist on Aug 21, 2022.
             Was a Believer of Cheibriados.
             Slain by a sixfirhy (10 damage)
             ... on level 9 of the Dungeon.
             The game lasted 00:07:38 (6238 turns).

frimble the Fighter (Demonspawn Earth Elementalist) Turns: 6238, Time: 00:07:39

Health: -5/184     AC: 25    Str: 14    XL:     10   Next: 44%
Magic:  13/13      EV:  2    Int: 22    God:    Cheibriados [**....]
Gold:   402        SH:  4    Dex: 19    Spells: 12/13 levels left

rFire   . . .      SeeInvis +    r - +5 dagger (freeze)
rCold   . . .      Faith    .    (no shield)
rNeg    . . .      Spirit   .    (body armour currently unavailable)
rPois   +          Reflect  .    (helmet currently unavailable)
rElec   .          Harm     .    (cloak currently unavailable)
rCorr   .          Rampage  .    (gloves currently unavailable)
Will    +....      NoTele   +    (boots currently unavailable)
Stlth   ..........               z - amulet of regeneration
HPRegen 1.20/turn                j - ring of willpower
MPRegen 0.13/turn                w - ring of see invisible

@: brilliant, berserking, tree-form, very slow
A: stationary, stasis, torment immunity, boosted hp, (yellow scales 3), powered
by death 1, condensation shield
a: Renounce Religion, Bend Time


You were on level 9 of the Dungeon.
You worshipped Cheibriados.
Cheibriados was pleased with you.
You were a tree.
You visited 2 branches of the dungeon, and saw 10 of its levels.

You collected 402 gold pieces.

Inventory:

Hand Weapons
 g - a +1 vampiric dagger
 o - a +0 vorpal war axe
 r - a +5 dagger of freezing (weapon)
Armour
 d - a +2 pair of boots (melded)
 f - a +0 troll leather armour (melded)
 i - a +2 ring mail of fire resistance
 s - a +1 helmet (melded)
 D - a +2 pair of gloves (melded)
Jewellery
 j - a ring of willpower (left branch)
 w - a ring of see invisible (right branch)
 x - a ring of poison resistance
 z - an amulet of regeneration (around neck)
Wands
 n - a wand of polymorph (10)
 q - a wand of flame (15)
 y - a wand of paralysis (38)
 F - a wand of iceblast (12)
Scrolls
 a - 3 scrolls of teleportation
 e - 4 scrolls of poison
 k - a scroll of immolation
 l - a scroll of identify
 m - 4 scrolls of butterflies
Potions
 b - 2 potions of magic
 c - 3 potions of degeneration
 h - a potion of experience
 p - 2 potions of brilliance
 u - 4 potions of curing
 B - a potion of haste
 E - a potion of mutation


   Skills:
 + Level 8.5 Fighting
 + Level 8.2 Short Blades
 + Level 4.1 Dodging
 + Level 4.3 Stealth
 - Level 2.0 Spellcasting
 - Level 1.3 Transmutations
 - Level 2.9 Earth Magic
 + Level 5.1 Invocations
 - Level 6.0 Evocations


You had 12 spell levels left.
You knew the following spells:

 Your Spells              Type           Power      Damage    Failure   Level
a - Sandblast             Erth           44%        2d11      4%          1

Your spell library contained the following spells:

 Spells                   Type           Power      Damage    Failure   Level
 Passwall                 Tmut/Erth      14%        N/A       9%          2
 Stone Arrow              Conj/Erth      24%        3d8       22%         3
 Tukima's Dance           Hex            3%         N/A       38%         3
 Petrify                  Tmut/Erth      17%        N/A       50%         4
 Passage of Golubria      Tloc           3%         N/A       80%         4
 Yara's Violent Unravell  Hex/Tmut       3%         3d4       96%         5


Dungeon Overview and Level Annotations

Branches:
Dungeon (9/15)             Temple (1/1) D:5
   Lair: D:8-11         Orc: D:9-12

Altars:
Ashenzari
Cheibriados
Dithmenos
Kikubaaqudgha
Okawaru
Qazlal
Sif Muna
Trog

Shops:
D:6 ?

Annotations:
D:8 Gastronok, Maurice


Innate Abilities, Weirdness & Mutations

You are a tree.
Your roots penetrate the ground, keeping you stationary.
You cannot be teleported.
You are immune to unholy pain and torment.
Your maximum health is greatly increased.
Your equipment is partially melded.
((You are completely covered in yellow scales. (AC +4, rCorr)))
You regenerate a little health from kills.
A meltable shield of frost defends you. (SH +4)


Message History

It was a potion of brilliance.
You feel clever all of a sudden.
The sixfirhy hits you but does no damage.
It was a potion of lignification.
You turn into a tree.
Your +1 helmet melds into your body.
Your +2 pair of gloves melds into your body.
Your +2 pair of boots melds into your body.
Your +0 troll leather armour melds into your body.
Your roots penetrate the ground.
It was a potion of berserk rage.
A red film seems to cover your vision as you go berserk!
Cheibriados protects you from inadvertent hurry.
You feel mighty!
The sixfirhy hits you but does no damage. x2
The sixfirhy barely misses you.
The sixfirhy hits you but does no damage.
The sixfirhy completely misses you. x2
The sixfirhy hits you but does no damage.
You puncture the sixfirhy! You freeze the sixfirhy.
The sixfirhy is heavily wounded.
The sixfirhy hits you but does no damage. x4
The sixfirhy hits you.
* * * LOW HITPOINT WARNING * * *
The sixfirhy shocks you!
* * * LOW HITPOINT WARNING * * *
The sixfirhy hits you but does no damage.
You puncture the sixfirhy! You freeze the sixfirhy.
The sixfirhy is severely wounded.
The sixfirhy hits you but does no damage. x2
The sixfirhy hits you!
* * * LOW HITPOINT WARNING * * *
The sixfirhy shocks you!
* * * LOW HITPOINT WARNING * * *
You hit the sixfirhy. You freeze the sixfirhy.
The sixfirhy is severely wounded.
The sixfirhy hits you but does no damage.
The sixfirhy hits you.
* * * LOW HITPOINT WARNING * * *
The sixfirhy shocks you!
You die...

.....# .....##
#######............
.....+...........
#..............
##.............
###...∩.3.5..... .
.......♣345.... .#
........3.♣♣..####.#
....##....♣.P......##
...
########........... .
#......##.##
####......##
###..'........
#...##......##.#
#.#.##......# .##


You could see 3 sixfirhies, a red devil and 2 quasits.

Vanquished Creatures
  Pikel (D:4)
  Maggie (D:6)
  Psyche (D:8)
  A troll (D:7)
  Grinder (D:4)
  Sigmund (D:4)
  A wyvern (D:7)
  2 steam dragons
  3 vampire mosquitoes (D:9)
  3 water moccasins
  2 ice beasts
  Duvessa (D:5)
  A sky beast (D:6)
  4 black bears (D:5)
  4 ogres
  A phantom (D:3)
  A kobold brigand (D:9)
  A scorpion (D:6)
  3 bullfrogs (D:7)
  A necrophage (D:5)
  3 wights (D:8)
  Dowan (D:5)
  5 killer bees (D:8)
  2 howler monkeys
  2 quasits (D:9)
  2 jellies (D:7)
  3 orc priests
  3 hounds
  Ijyb (D:4)
  Natasha (D:3)
  4 iguanas
  6 orc wizards
  Robin (D:2)
  3 gnolls (D:5)
  10 adders
  A shadow imp (D:6)
  A white imp (D:7)
  2 dart slugs (D:2)
  10 orcs
  9 ball pythons
  3 endoplasms
  9 goblins
  6 hobgoblins
  4 jackals (D:1)
  A quokka (D:2)
  3 bats
  4 frilled lizards
  11 kobolds
  8 rats
153 creatures vanquished.

Vanquished Creatures (others)
  An acid dragon (D:7)
  2 demonic plants (D:9)
3 creatures vanquished.

Grand Total: 156 creatures vanquished

Notes
Turn   | Place    | Note
-------+----------+-------------------------------------------
     0 | D:1      | frimble the Demonspawn Earth Elementalist began the quest
                  | for the Orb.
     0 | D:1      | Reached XP level 1. HP: 13/13 MP: 3/3
    18 | D:1      | Reached skill level 1 in Transmutations
   455 | D:1      | Gained mutation: You are partially covered in yellow
                  | scales. (AC +2) [demonic ancestry]
   455 | D:1      | Reached XP level 2. HP: 19/19 MP: 5/5
   529 | D:1      | Reached skill level 1 in Short Blades
   844 | D:1      | You fall into a shaft and drop 1 floor!
  1012 | D:2      | Reached XP level 3. HP: 13/24 MP: 6/6
  1340 | D:2      | Gained mutation: You are mostly covered in yellow scales.
                  | (AC +3) [demonic ancestry]
  1340 | D:2      | Reached XP level 4. HP: 27/31 MP: 7/7
  1444 | D:2      | Reached skill level 1 in Fighting
  1444 | D:2      | Noticed Robin
  1452 | D:2      | Killed Robin
  2224 | D:3      | Noticed a phantom
  2238 | D:3      | Killed a phantom
  2239 | D:3      | Gained mutation: You are completely covered in yellow
                  | scales. (AC +4, rCorr) [demonic ancestry]
  2239 | D:3      | Reached XP level 5. HP: 39/39 MP: 8/8
  2628 | D:3      | Noticed Natasha
  2633 | D:3      | Killed Natasha
  2747 | D:4      | Noticed Sigmund
  2748 | D:4      | Found an ancient bone altar of Kikubaaqudgha.
  2748 | D:4      | Noticed Ijyb
  2754 | D:4      | Killed Sigmund
  2755 | D:4      | Gained mutation: You regenerate a little health from kills.
                  | [demonic ancestry]
  2755 | D:4      | Reached XP level 6. HP: 43/48 MP: 9/9
  2767 | D:4      | Killed Ijyb
  2814 | D:4      | Found a broken altar of Ashenzari.
  2931 | D:4      | Reached skill level 5 in Short Blades
  2931 | D:4      | Reached skill level 1 in Evocations
  2931 | D:4      | Reached XP level 7. HP: 55/55 MP: 7/10
  3177 | D:4      | Noticed Grinder
  3203 | D:4      | Killed Grinder
  3204 | D:4      | Reached skill level 5 in Fighting
  3215 | D:4      | Noticed Pikel
  3242 | D:4      | Killed Pikel
  3243 | D:4      | Reached XP level 8. HP: 59/64 MP: 11/11
  3421 | D:5      | Entered Level 5 of the Dungeon
  3736 | D:5      | Identified the +2 scale mail "Upperos" {-Tele Rampage Int+9
                  | Stlth-}
  3775 | D:5      | Reached skill level 5 in Evocations
  3797 | D:5      | Gained mutation: A meltable shield of frost defends you.
                  | (SH +4) [demonic ancestry]
  3797 | D:5      | Reached XP level 9. HP: 65/71 MP: 12/12
  4020 | D:5      | Found a staircase to the Ecumenical Temple.
  4117 | D:5      | Noticed Duvessa
  4119 | D:5      | Noticed Dowan
  4134 | D:5      | Killed Duvessa
  4152 | D:5      | Killed Dowan
  4339 | Temple   | Entered the Ecumenical Temple
  4350 | Temple   | Became a worshipper of Cheibriados the Contemplative
  4710 | D:6      | Found Yceus's Magic Scroll Shoppe.
  4713 | D:6      | Noticed Maggie
  4742 | D:6      | Killed Maggie
  4743 | D:6      | Reached skill level 1 in Invocations
  4899 | D:7      | Noticed a troll
  4904 | D:7      | Killed a troll
  5219 | D:7      | Reached * piety under Cheibriados
  5346 | D:7      | Reached XP level 10. HP: 80/80 MP: 13/13
  5819 | D:8      | Noticed Psyche
  5826 | D:8      | Killed Psyche
  6090 | D:8      | Noticed Gastronok
  6090 | D:8      | Noticed Maurice
  6113 | D:9      | Reached ** piety under Cheibriados
  6185 | D:9      | Reached skill level 5 in Invocations
  6227 | D:9      | Noticed a sixfirhy
  6228 | D:9      | Noticed a sixfirhy
  6229 | D:9      | Noticed a sixfirhy
  6232 | D:9      | Noticed a smoke demon
  6237 | D:9      | HP: 8/184 [sixfirhy (10)]
  6238 | D:9      | Slain by a sixfirhy

Illustrated notes

Levels and vault maps discovered:
D:1:      lightli_arrival_windingriver, layout_loops_ring,
          dreamdust_ecumenical_altar_angels_and_demons
D:2:      layout_basic, uniq_robin
D:3:      layout_rooms, grunt_ministairs_4, uniq_natasha
D:4:      layout_basic, mainiacjoe_overflow_catwalk_spiral, uniq_pikel,
          uniq_grinder, uniq_sigmund, uniq_ijyb
D:5:      minmay_bubble_buster, layout_loops_ring, temple_hall, uniq_duvessa
D:6:      layout_rooms, serial_shops, shop, uniq_maggie
D:7:      layout_loops_ring, mainiacjoe_overflow_tiny_flanked,
          minmay_chambers_of_fives
D:8:      layout_basic, uniq_maurice, uniq_psyche, uniq_gastronok
D:9:      layout_basic, serial_demonic, serial_demonic_f, serial_demonic_f,
          serial_demonic_e, serial_demonic_d, serial_demonic_a,
          serial_demonic_b, serial_demonic_d, serial_demonic_b,
          hangedman_decor_points, nzn_random_ring
Temple:   compressed_dpeg_circular_temple

Skill      XL: |  1  2  3  4  5  6  7  8  9 10 |
---------------+-------------------------------+-----
Transmutations | 1 |  1.3
Short Blades   | 2 3 4 5 6 7 8 |  8.2
Fighting       | 2 3 4 5 6 8 |  8.5
Evocations     | 1 3 5 6 |  6.0
Dodging        | 3 4 |  4.1
Stealth        | 3 4 |  4.3
Invocations    | 3 5 |  5.1
Spellcasting   | |  2.0
Earth Magic    | |  2.9

Action                   |  1- 3 |  4- 6 |  7- 9 | 10-12 || total
-------------------------+-------+-------+-------+-------++-------
Melee: Unarmed           |     6 |       |       |       ||     6
       Dagger            |    92 |   129 |   387 |   170 ||   778
       Punch             |     2 |       |     6 |     1 ||     9
 Fire: Sling             |     4 |       |       |       ||     4
 Cast: Sandblast         |     3 |     2 |    10 |     3 ||    18
Evoke: Wand              |       |       |     1 |     2 ||     3
  Use: Scroll            |       |       |    16 |     2 ||    18
       Potion            |       |       |       |     3 ||     3
 Stab: Sleeping          |     1 |     1 |     1 |     1 ||     4
       Paralysed         |       |       |     1 |       ||     1
Armor: Robe              |    15 |       |       |       ||    15
       Ring mail         |    21 |    56 |   122 |       ||   199
       Troll leather arm |       |       |    17 |    59 ||    76
       Skin              |       |       |     3 |    12 ||    15
Dodge: Dodged            |    86 |    51 |   117 |   107 ||   361
Block: Other             |       |       |    23 |    22 ||    45

Table legend: (Time is in decaauts)
 A = Elapsed time spent in this place.
 B = Non-inter-level travel time spent in this place.
 C = Inter-level travel time spent in this place.
 D = Time resting spent in this place.
 E = Time spent auto-exploring this place.
 F = Levels seen in this place.
 G = Mean time per level.
                   A        B        C        D        E       F      G
               +--------+--------+--------+--------+--------+-----+--------+
         Total |   6478 |   6210 |    268 |      0 |   4939 |  10 |  647.8 |
       Dungeon |   6459 |   6199 |    260 |      0 |   4937 |   9 |  717.7 |
        Temple |     19 |     11 |      8 |      0 |      2 |   1 |   19.0 |
               +--------+--------+--------+--------+--------+-----+--------+

Top non-repeatable levels by time:
     D:2: 1353 daAuts
     D:7: 1147 daAuts
     D:5: 902 daAuts
     D:1: 844 daAuts
     D:4: 707 daAuts
     D:6: 569 daAuts
     D:3: 472 daAuts
     D:8: 319 daAuts
     D:9: 144 daAuts
  Temple: 19 daAuts
